 Dungeon Crawl Stone Soup version 0.30-a0-297-g0ec75d9ef4 (webtiles) character file.

Game seed: 11477932379426422103

98 Harunobu the Trooper (level 4, -5/41 HPs)
             Began as a Minotaur Monk on Oct 19, 2022.
             Slain by an orc
             ... wielding a +0 hand axe
              (6 damage)
             ... on level 3 of the Dungeon.
             The game lasted 00:02:44 (1796 turns).

Harunobu the Trooper (Minotaur Monk)                Turns: 1796, Time: 00:02:45

Health: -5/41      AC:  2    Str: 18    XL:     4   Next: 44%
Magic:  3/3        EV: 13    Int:  7    God:
Gold:   102        SH:  0    Dex: 12    Spells: 3/3 levels left

rFire   . . .      SeeInvis .    j - +0 dagger (speed)
rCold   . . .      Faith    .    (no shield)
rNeg    . . .      Spirit   .    b - +0 robe
rPois   .          Reflect  .    (helmet restricted)
rElec   .          Harm     .    (no cloak)
rCorr   .          Rampage  .    (no gloves)
Will    .....                    (no boots)
Stlth   ++........               (no amulet)
HPRegen 0.26/turn                (no ring)
MPRegen 0.08/turn                (no ring)

@: no status effects
A: horns 2, retaliatory headbutt
a: no special abilities


You were on level 3 of the Dungeon.
You visited 1 branch of the dungeon, and saw 3 of its levels.

You collected 102 gold pieces.

Inventory:

Hand Weapons
 a - a +0 mace
 j - a +0 dagger of speed (weapon)
Armour
 b - a +0 robe (worn)
Jewellery
 e - a ring of fire
 h - an amulet of reflection
 m - a +6 ring of dexterity
Wands
 q - a wand of mindburst (10)
Scrolls
 d - a scroll of vulnerability {unknown}
 f - 2 scrolls of teleportation {unknown}
 g - 2 scrolls of identify {unknown}
 i - 2 scrolls of enchant armour {unknown}
 o - a scroll of enchant weapon {unknown}
Potions
 c - a potion of ambrosia
 k - a potion of flight {unknown}
 l - a potion of curing {unknown}
 n - a potion of resistance {unknown}
 p - a potion of cancellation {unknown}
 r - a potion of degeneration {unknown}
 s - a potion of lignification {unknown}


   Skills:
 + Level 4.7 Fighting
 - Level 3.6 Maces & Flails
 + Level 4.3 Dodging
 + Level 2.7 Stealth


You had 3 spell levels left.
You didn't know any spells.
Your spell library was empty.

Dungeon Overview and Level Annotations

Branches:
Dungeon (3/15)

Altars:


Innate Abilities, Weirdness & Mutations

You have a pair of horns on your head.
You reflexively headbutt those who attack you in melee.


Message History

You see here a +0 whip.
The orc priest calls down the wrath of Beogh upon you.
Beogh smites you! The orc closely misses you. The orc barely misses you.
You furiously retaliate!
You headbutt the orc. You hit the orc. You headbutt the orc.
The orc is almost dead.
The orc misses you. The orc hits you with a +0 hand axe.
You hit the orc priest.
The orc priest is moderately wounded.
The orc priest hits you with a +0 club. The orc closely misses you.
The orc misses you.
You hit the orc priest but do no damage.
The orc priest is moderately wounded.
You closely miss the orc priest.
The orc priest is moderately wounded.
The orc hits you but does no damage. x2
The orc priest hits you with a +0 club.
You hit the orc priest. You headbutt the orc priest.
The orc priest is severely wounded.
The orc priest begins to cast a cantrip, but forgets the words!
The orc hits you but does no damage. The orc hits you with a +0 short sword.
You hit the orc priest.
The orc priest is almost dead.
You hit the orc priest.
You kill the orc priest!
The orc hits you with a +0 short sword. The orc hits you with a +0 hand axe.
* * * LOW HITPOINT WARNING * * *
You hit the orc.
The orc is almost dead.
The orc hits you with a +0 short sword.
* * * LOW HITPOINT WARNING * * *
The orc hits you with a +0 hand axe.
* * * LOW HITPOINT WARNING * * *
The orc hits you with a +0 short sword.
* * * LOW HITPOINT WARNING * * *
You see here a +0 club.
Okay, then.
The orc attacks as you move away! The orc hits you with a +0 hand axe.
You die...

.....## #.####
......# #.##.#
####..###.##.# .
#.........###### #.
#)...........).#
#.##.###########..#
# #.# #..#
...)........ #oo#
#..#.####### #@.#
#..#.# #..# ...#.#
#..# ...#.# #..#
...#.# #..#
...#.######## #..#
............. #..#
............. ....
.#.#)########


You could see 2 orcs.

Vanquished Creatures
  An orc priest (D:3)
  An adder (D:2)
  3 orcs (D:3)
  7 endoplasms
  5 goblins
  2 hobgoblins
  10 jackals (D:1)
  6 kobolds
  2 quokkas (D:1)
  3 ball pythons
  6 bats
  A frilled lizard (D:2)
  4 rats
51 creatures vanquished.

Notes
Turn   | Place    | Note
-------+----------+-------------------------------------------
     0 | D:1      | Harunobu the Minotaur Monk began the quest for the Orb.
     0 | D:1      | Reached XP level 1. HP: 19/19 MP: 0/0
   220 | D:1      | Reached XP level 2. HP: 25/27 MP: 1/1
   518 | D:1      | Reached XP level 3. HP: 33/33 MP: 2/2
  1767 | D:3      | Reached XP level 4. HP: 41/41 MP: 3/3
  1795 | D:3      | HP: 1/41 [orc/+0 short sword (3)]
  1796 | D:3      | Slain by an orc

Illustrated notes

Levels and vault maps discovered:
D:1:      sevenhm_arrival_forest_fort_small_5, layout_basic, st_stairs_12,
          minmay_misc_feat_secret_circle, ebering_dispersal_statue_hall
D:2:      layout_rooms, serial_curves, eino_curves_04, eino_curves_02
D:3:      minmay_general_purpose_star, layout_basic, grunt_gozag_breadcrumbs,
          mainiacjoe_overflow_large_starburst

Skill      XL: |  1  2  3 |
---------------+----------+-----
Fighting       | 4 |  4.7
Stealth        | 2 |  2.7
Dodging        | 4 |  4.3
Maces & Flails | |  3.6

Action                   |  1- 3 |  4- 6 || total
-------------------------+-------+-------++-------
Melee: Mace              |    30 |       ||    30
       Headbutt          |    13 |     2 ||    15
       Dagger            |    77 |     9 ||    86
 Stab: Sleeping          |     7 |     1 ||     8
Armor: Robe              |    29 |     3 ||    32
Dodge: Dodged            |    72 |     5 ||    77

Table legend: (Time is in decaauts)
 A = Elapsed time spent in this place.
 B = Non-inter-level travel time spent in this place.
 C = Inter-level travel time spent in this place.
 D = Time resting spent in this place.
 E = Time spent auto-exploring this place.
 F = Levels seen in this place.
 G = Mean time per level.
                   A        B        C        D        E       F      G
               +--------+--------+--------+--------+--------+-----+--------+
         Total |   1775 |   1726 |     49 |    370 |    983 |   3 |  591.7 |
       Dungeon |   1775 |   1726 |     49 |    370 |    983 |   3 |  591.7 |
               +--------+--------+--------+--------+--------+-----+--------+

Top non-repeatable levels by time:
     D:1: 964 daAuts
     D:2: 703 daAuts
     D:3: 107 daAuts
